Map: Proxima Station LE

Players

Fropez - Winner!

  • Race: Protoss Protoss
  • League: Gold
  • Spawn Location: 7:00

Destierro

  • Race: Protoss Protoss
  • League: Gold
  • Spawn Location: 1:00

VOD

Have the link to the VOD?

Description

Time

  • Played on: Jan. 24, 2017, 8:14 p.m.
  • Length: 11:38
Show
View Real Time Build Order
Export as new Build Order

Fropez Protoss - Winner!

Build Orders: 1 Gate Expand 

Get SALT Encoding   

  12  0:01  Probe (Chrono Boost)  
  13  0:11  Probe (Chrono Boost)  
  14  0:23  Probe (Chrono Boost)  
  14  0:24  Pylon  
  15  0:42  Probe (Chrono Boost)  
  16  0:43  Gateway  
  16  0:50  Assimilator  
  16  0:52  Probe (Chrono Boost)  
  17  1:03  Probe (Chrono Boost)  
  18  1:20  Probe (Chrono Boost)  
  19  1:26  Nexus  
  19  1:34  Assimilator  
  19  1:46  Cybernetics Core  
  19  1:48  Probe (Chrono Boost)  
  20  2:02  Probe (Chrono Boost)  
  21  2:13  Probe (Chrono Boost)  
  21  2:23  Warp Gate  
  21  2:25  Mothership Core (Chrono Boost)  
  23  2:37  Adept  
  23  2:43  Probe (Chrono Boost)  
  26  2:47  Probe (Chrono Boost)  
  27  2:54  Probe (Chrono Boost)  
  27  2:56  Pylon  
  28  3:02  Pylon  
  28  3:03  Probe (Chrono Boost)  
  29  3:06  Adept  
  29  3:12  Probe (Chrono Boost)  
  32  3:17  Twilight Council  
  32  3:21  Robotics Facility  
  32  3:24  Probe (Chrono Boost)  
  34  3:27  Probe (Chrono Boost)  
  34  3:28  Assimilator  
  34  3:33  Adept  
  36  3:47  Probe (Chrono Boost)  
  37  3:49  Gateway  
  37  3:50  Probe (Chrono Boost)  
  38  4:00  Probe (Chrono Boost)  
  39  4:05  Resonating Glaives  
  39  4:16  Warp Prism  
  39  4:17  Probe (Chrono Boost)  
  44  4:23  Probe (Chrono Boost), Gateway  
  45  4:29  Probe (Chrono Boost)  
  42  4:33  Probe (Chrono Boost)  
  43  4:39  Pylon  
  43  4:41  Probe (Chrono Boost)  
  43  4:42  Adept  
  46  4:46  Adept  
  48  4:53  Probe (Chrono Boost)  
  48  4:54  Probe (Chrono Boost)  
  48  4:57  Observer  
  51  5:03  Pylon  
  52  5:07  Probe (Chrono Boost), Gateway  
  52  5:09  Probe (Chrono Boost)  
  52  5:10  Pylon  
  53  5:19  Probe (Chrono Boost)  
  50  5:37  Adept x3  
  41  6:02  Probe (Chrono Boost)  
  41  6:03  Probe (Chrono Boost)  
  38  6:17  Adept  
  38  6:18  Adept x3, Nexus  
  44  6:21  Assimilator  
  44  6:23  Pylon  
  44  6:25  Probe (Chrono Boost)  
  46  6:26  Probe (Chrono Boost)  
  46  6:30  Dark Shrine  
  46  6:31  Pylon  
  45  6:36  Probe (Chrono Boost)  
  45  6:39  Probe (Chrono Boost)  
  44  6:40  Stalker x2  
  45  6:49  Stalker  
  47  6:56  Probe (Chrono Boost)  
  47  6:57  Probe (Chrono Boost)  
  49  7:06  Probe (Chrono Boost)  
  50  7:10  Stalker x2  
  50  7:14  Probe (Chrono Boost)  
  55  7:17  Observer  
  56  7:23  Stalker  
  56  7:25  Stalker  
  56  7:28  Probe (Chrono Boost)  
  61  7:34  Probe (Chrono Boost)  
  61  7:35  Stalker  
  64  7:37  Probe (Chrono Boost)  
  64  7:43  Probe (Chrono Boost)  
  66  7:44  Probe (Chrono Boost)  
  66  7:49  Stalker  
  69  7:51  Stalker  
  71  8:04  Stalker x2  
  75  8:16  Probe (Chrono Boost)  
  75  8:17  Probe x2 (Chrono Boost)  
  78  8:26  Probe (Chrono Boost)  
  79  8:29  Probe (Chrono Boost)  
  79  8:31  Stalker x2  
  79  8:32  Stalker x2  
  79  8:34  Probe (Chrono Boost)  
  89  8:37  Probe (Chrono Boost)  
  89  8:38  Assimilator  
  91  8:41  Probe (Chrono Boost)  
  91  8:45  Probe (Chrono Boost)  
  91  8:48  Gateway  
  92  9:08  Dark Templar x4  
  92  9:19  Probe (Chrono Boost)  
  92  9:20  Probe (Chrono Boost)  
  92  9:21  Probe (Chrono Boost)  
  95  9:30  Blink  
  95  9:38  Probe (Chrono Boost)  
  97  9:39  Probe (Chrono Boost)  
  97  9:42  Probe (Chrono Boost)  
  98  10:03  Dark Templar x4  
  106  10:13  Assimilator  
  106  10:15  Pylon  
  106  10:20  Gateway  
  106  10:30  Pylon  
  106  10:37  Pylon x2  
  106  10:39  Gateway  
  106  10:41  Probe (Chrono Boost)  
  108  10:43  Probe (Chrono Boost)  
  108  10:44  Dark Templar x2  
  108  10:45  Dark Templar x2  
  116  10:55  Nexus  
  116  10:58  Assimilator  
  116  11:00  Pylon  
  108  11:21  Dark Templar x2  
  108  11:22  Dark Templar x3  
  108  11:36  Gateway  
Show
View Real Time Build Order
Export as new Build Order

Destierro Protoss 

Build Orders:  

Get SALT Encoding   

  12  0:06  Probe (Chrono Boost)  
  13  0:16  Probe (Chrono Boost)  
  13  0:20  Pylon  
  14  0:27  Probe (Chrono Boost)  
  15  0:38  Probe (Chrono Boost)  
  15  0:41  Gateway  
  16  0:48  Assimilator  
  16  0:49  Probe (Chrono Boost)  
  17  0:59  Probe (Chrono Boost)  
  18  1:05  Assimilator  
  18  1:10  Probe (Chrono Boost)  
  19  1:19  Gateway  
  19  1:20  Probe (Chrono Boost)  
  20  1:31  Probe (Chrono Boost), Cybernetics Core  
  21  1:41  Probe (Chrono Boost)  
  22  1:52  Probe (Chrono Boost)  
  23  1:58  Warp Gate  
  23  2:10  Pylon  
  23  2:28  Probe (Chrono Boost), Stalker x2  
  27  2:39  Probe (Chrono Boost)  
  27  2:42  Pylon  
  29  2:51  Probe (Chrono Boost)  
  29  2:55  Nexus  
  29  3:05  Mothership Core (Chrono Boost)  
  31  3:07  Sentry  
  31  3:08  Sentry  
  35  3:25  Probe (Chrono Boost)  
  36  3:37  Probe (Chrono Boost)  
  38  3:49  Probe (Chrono Boost)  
  38  3:50  Stargate  
  38  4:01  Probe (Chrono Boost)  
  39  4:07  Stalker x2  
  41  4:12  Pylon  
  41  4:13  Probe (Chrono Boost)  
  39  4:28  Oracle  
  39  4:30  Probe (Chrono Boost)  
  43  4:39  Pylon, Probe (Chrono Boost)  
  43  4:42  Probe (Chrono Boost)  
  45  4:49  Probe (Chrono Boost)  
  47  4:54  Probe (Chrono Boost)  
  47  4:59  Oracle  
  48  5:00  Probe (Chrono Boost), Gateway  
  48  5:01  Stalker  
  48  5:06  Probe (Chrono Boost)  
  54  5:10  Probe (Chrono Boost)  
  55  5:18  Probe (Chrono Boost)  
  55  5:21  Probe (Chrono Boost)  
  57  5:29  Stalker x2  
  57  5:30  Probe (Chrono Boost)  
  57  5:31  Probe (Chrono Boost)  
  62  5:42  Probe (Chrono Boost)  
  63  5:44  Probe (Chrono Boost)  
  64  5:54  Probe (Chrono Boost)  
  46  6:12  Stalker x2  
  46  6:17  Probe (Chrono Boost)  
  52  6:18  Probe (Chrono Boost)  
  52  6:24  Stalker  
  54  6:26  Pylon  
  54  6:29  Pylon  
  54  6:56  Probe (Chrono Boost)  
  54  6:58  Probe (Chrono Boost)  
  56  7:04  Void Ray  
  56  7:07  Probe (Chrono Boost)  
  58  7:10  Probe (Chrono Boost)  
  58  7:11  Nexus  
  58  7:13  Pylon  
  62  7:17  Probe (Chrono Boost)  
  62  7:22  Probe (Chrono Boost)  
  64  7:35  Probe (Chrono Boost)  
  64  7:36  Probe (Chrono Boost)  
  66  7:46  Void Ray, Stalker x2  
  66  7:47  Stalker  
  66  7:48  Probe (Chrono Boost)  
  73  7:55  Gateway  
  77  8:03  Probe (Chrono Boost)  
  77  8:05  Probe (Chrono Boost)  
  79  8:10  Assimilator  
  79  8:13  Assimilator  
  79  8:14  Probe (Chrono Boost)  
  79  8:17  Probe (Chrono Boost)  
  81  8:27  Probe x2 (Chrono Boost)  
  81  8:31  Probe (Chrono Boost)  
  84  8:44  Pylon  
  84  8:48  Probe x2 (Chrono Boost)  
  87  8:49  Probe (Chrono Boost)  
  86  8:59  Adept x2, Probe x2 (Chrono Boost)  
  86  9:00  Stalker  
  86  9:02  Probe (Chrono Boost)  
  91  9:09  Probe (Chrono Boost)  
  87  9:21  Robotics Facility  
  87  9:26  Probe x2 (Chrono Boost)  
  87  9:27  Probe (Chrono Boost)  
  87  9:30  Assimilator  
  90  9:33  Assimilator  
  90  9:36  Probe x2 (Chrono Boost), Stargate  
  93  9:39  Probe (Chrono Boost)  
  93  9:47  Probe x2 (Chrono Boost)  
  93  9:48  Pylon  
  93  9:51  Pylon, Probe (Chrono Boost)  
  96  9:55  Forge  
  96  9:57  Probe (Chrono Boost)  
  96  9:58  Probe (Chrono Boost)  
  98  10:01  Oracle  
  98  10:03  Probe (Chrono Boost)  
  98  10:04  Sentry  
  104  10:29  Probe x2 (Chrono Boost)  
  104  10:31  Probe (Chrono Boost)  
  104  10:33  Void Ray  
  104  10:35  Void Ray  
  107  10:38  Fleet Beacon  
  107  10:41  Observer, Probe (Chrono Boost)  
  118  10:43  Probe (Chrono Boost)  
  118  11:07  Probe (Chrono Boost)  
  118  11:08  Probe x2 (Chrono Boost)  
  121  11:20  Probe (Chrono Boost)  
Tags
 
League
GoldGold
Matchup
PvP
Replay Pack
All Mines
Spawn Locations
Cross Positions
Add a new tag
Caveats
  • Supply blocks, unpowered buildings, or Contaminate may cause inaccurate times.
  • Supply counts are checked every 10 seconds.